 Dungeon Crawl Stone Soup version 0.21.1-1-g345015fe64 (webtiles) character file.

858 Kohma the Slasher (level 7, -1/56 HPs)
             Began as a Demonspawn Berserker on June 25, 2018.
             Was a Priest of Trog.
             Slain by a sky beast (6 damage)
             ... on level 5 of the Dungeon.
             The game lasted 00:13:21 (4962 turns).

Kohma the Slasher (Demonspawn Berserker)            Turns: 4962, Time: 00:13:22

Health: -1/56      AC: 13    Str: 18    XL:     7   Next: 71%
Magic:  7/7        EV:  9    Int:  8    God:    Trog [***...]
Gold:   318        SH:  0    Dex: 14    Spells: 6/6 levels left

rFire    + . .     SeeInvis .   a - +0 falchion
rCold    . . .     Gourm    .   (no shield)
rNeg     . . .     Faith    .   l - +0 plate armour
rPois    .         Spirit   .   (helmet restricted)
rElec    .         Reflect  .   b - +0 cloak
rCorr    .         Harm     .   (no gloves)
MR       ++...                  (no boots)
Stlth    ..........             (no amulet)
HPRegen  1.18/turn              (no ring)
MPRegen  0.10/turn              (no ring)

@: berserk cooldown, regenerating, slowed, very slow
A: antennae 1, repulsion field 2, fire resistance 1
a: Berserk, Trog's Hand, Burn Spellbooks, Renounce Religion


You were on level 5 of the Dungeon.
You worshipped Trog.
Trog was most pleased with you.
You were not hungry.

You visited 1 branch of the dungeon, and saw 5 of its levels.

You collected 318 gold pieces.

Inventory:

Hand Weapons
 a - a +0 falchion (weapon)
 d - a +0 hunting sling
 h - a +0 short sword of venom
 o - a +2 dagger of draining
Missiles
 m - 125 stones
 s - 9 tomahawks (quivered)
 u - 31 arrows
Armour
 b - a +0 cloak (worn)
 l - a +0 plate armour (worn)
Jewellery
 n - an uncursed ring of resist corrosion {unknown}
 p - an uncursed ring of flight {unknown}
Wands
 y - a wand of acid (10)
 z - a wand of paralysis (6)
Scrolls
 e - a scroll of enchant armour {unknown}
 f - 4 scrolls of identify {unknown}
 g - a scroll of blinking {unknown}
 i - a scroll of amnesia {unknown}
 k - 3 scrolls of random uselessness {unknown}
 A - a scroll of immolation {unknown}
Potions
 j - 4 potions of curing {unknown}
 q - a potion of heal wounds {unknown}
 r - a potion of might {unknown}
 t - a potion of brilliance {unknown}
 v - a potion of invisibility {unknown}
 x - a potion of flight {unknown}
Books
 w - a book of Minor Magic

   Spells                             Type                      Level
   a - Magic Dart                     Conjuration                  1
   b - Blink                          Translocation                2
   c - Call Imp                       Summoning                    2
   d - Slow                           Hexes                        2
   e - Conjure Flame                  Conjuration/Fire             3
   f - Mephitic Cloud                 Conjuration/Poison/Air       3
   Trog disapproves of the use of such an item.
Comestibles
 c - 6 rations


   Skills:
 + Level 5.2 Fighting
 * Level 6.3 Long Blades
 + Level 4.2 Armour
 - Level 1.7 Dodging


You had 6 spell levels left.
You didn't know any spells.

Dungeon Overview and Level Annotations

Branches:
Dungeon (5/15)
 Temple: D:4-7

Altars:
Ashenzari
Makhleb
Vehumet
Wu Jian
Xom


Innate Abilities, Weirdness & Mutations

You have a pair of small antennae on your head.
You are surrounded by a moderate repulsion field. (EV +3)
Your flesh is heat resistant. (rF+)


Message History

The sky beast flickers out of sight!
Deactivating autopickup; reactivate with Ctrl-A.
Something completely misses you.
You hit something. Something hits you but does no damage.
An orc priest comes into view. It is wielding a flail.
You hit something.
Something hits you but does no damage. x2
Your skin crawls.
You feel resistant to hostile enchantments.
You are starving!
The orc hits you but does no damage. Something hits you but does no damage.
The orc hits you but does no damage.
You eat one of the 7 rations.
That ration really hit the spot!
You feel the effects of Trog's Hand fading.
A sky beast appears from thin air!
Reactivating autopickup.
The sky beast hits you but does no damage.
The orc hits you but does no damage. The sky beast hits you.
* * * LOW HITPOINT WARNING * * *
The sky beast shocks you.
You die...

### #.. #.# #.# #
#.#
#####.####.####.#.
.....o.o@Ys.......
#####.####.##.####
# #....<# #
#####.# ... ##.#.
..#.# .$# # ..#


You could see a sky beast, an orc priest, an orc and a giant cockroach.

Vanquished Creatures
  The ghost of Kohma the Slasher, an amateur DsBe of Trog (D:4)
  A phantom (D:4)
  2 howler monkeys
  3 hounds
  An orc priest (D:4)
  A bullfrog skeleton (D:4)
  A jelly (D:2)
  2 centaur skeletons (D:4)
  An iguana (D:4)
  An orc wizard (D:4)
  2 worker ants (D:4)
  5 gnolls
  5 adders
  2 shadow imps
  An ooze (D:1)
  A worm (D:4)
  4 dart slugs
  2 leopard geckos
  2 orcs
  4 giant cockroaches
  17 goblins
  10 hobgoblins
  9 jackals
  6 quokkas
  11 bats
  5 frilled lizards
  9 kobolds
  A leopard gecko skeleton (D:4)
  A quokka zombie (D:4)
  8 rats
  4 plants (D:3)
123 creatures vanquished.

Notes
Turn   | Place    | Note
-------+----------+-------------------------------------------
     0 | D:1      | Kohma the Demonspawn Berserker began the quest for the Orb.
     0 | D:1      | Reached XP level 1. HP: 18/18 MP: 1/1
   259 | D:1      | Reached skill level 3 in Long Blades
   259 | D:1      | Gained mutation: You are surrounded by a mild repulsion field. (EV +2) [demonic ancestry]
   259 | D:1      | Reached XP level 2. HP: 22/24 MP: 2/2
   663 | D:1      | Gained mutation: You have a pair of small antennae on your head. [demonic ancestry]
   663 | D:1      | Reached XP level 3. HP: 27/29 MP: 3/3
  1035 | D:1      | Reached ** piety under Trog
  1385 | D:2      | Reached XP level 4. HP: 20/35 MP: 4/4
  1550 | D:2      | Found a radiant altar of Vehumet.
  1588 | D:2      | Reached skill level 4 in Long Blades
  1639 | D:2      | Found a shattered altar of Ashenzari.
  2041 | D:2      | Reached XP level 5. HP: 42/42 MP: 5/5
  2745 | D:3      | Found a shimmering altar of Xom.
  2832 | D:3      | Reached *** piety under Trog
  3757 | D:4      | Gained mutation: Your flesh is heat resistant. (rF+) [demonic ancestry]
  3757 | D:4      | Reached XP level 6. HP: 45/48 MP: 6/6
  3883 | D:4      | Reached skill level 5 in Long Blades
  3999 | D:4      | Found a burning altar of Makhleb.
  4307 | D:4      | Noticed Kohma's ghost (amateur DsBe)
  4334 | D:4      | Killed Kohma's ghost
  4334 | D:4      | Gained mutation: You are surrounded by a moderate repulsion field. (EV +3) [demonic ancestry]
  4334 | D:4      | Reached XP level 7. HP: 38/55 MP: 7/7
  4772 | D:4      | Reached skill level 5 in Fighting
  4772 | D:4      | Reached skill level 6 in Long Blades
  4845 | D:4      | Found an ornate altar of the Wu Jian Council.
  4891 | D:5      | Entered Level 5 of the Dungeon
  4947 | D:5      | HP: 3/84 [something (6)]
  4962 | D:5      | Slain by a sky beast

Skill      XL: |  1  2  3  4  5  6  7 |
---------------+----------------------+-----
Long Blades    | 3 4 5 6 |  6.3
Armour         | 2 3 4 |  4.2
Fighting       | 4 5 |  5.2
Dodging        | |  1.7

Action                   |  1- 3 |  4- 6 |  7- 9 || total
-------------------------+-------+-------+-------++-------
Melee: Falchion          |   153 |   549 |   104 ||   806
Throw: Stone             |       |     2 |       ||     2
Invok: Berserk           |       |     2 |     2 ||     4
       Trog's Hand       |       |     1 |     2 ||     3
  Eat: Chunk             |     2 |    11 |     4 ||    17
       Ration            |       |       |     1 ||     1
Armor: Animal skin       |     5 |       |       ||     5
       Plate armour      |    73 |   245 |    95 ||   413
Dodge: Dodged            |    64 |   186 |    53 ||   303
       Rpst.: Falchion   |    17 |    59 |    22 ||    98
